 Dungeon Crawl Stone Soup version 0.19-a0-1111-gcceb26a (webtiles) character file.

10365 junb69 the Fighter (level 11, -1/82 HPs)
             Began as a Halfling Gladiator on Aug 10, 2016.
             Slain by a komodo dragon (17 damage)
             ... on level 3 of the Lair of Beasts.
             The game lasted 00:39:51 (15789 turns).

junb69 the Fighter (Halfling Gladiator)            Turns: 15789, Time: 00:39:52

Health: -1/82      AC: 13    Str: 21    XL:     11   Next: 91%
Magic:  12/12      EV: 25    Int:  7    God:
Gold:   467        SH:  0    Dex: 21    Spells: 0 memorised, 12 levels left

rFire  . . .     SeeInvis .     K - +2 rapier (vamp)
rCold  . . .     Gourm    .     y - +0 scale mail
rNeg   . . .     Faith    .     (shield restricted)
rPois  .         Spirit   .     c - +1 helmet
rElec  .         Dismiss  .     G - +0 cloak
rCorr  .         Reflect  .     M - +0 pair of gloves {Str+3}
SustAt .         Harm     .     (no boots)
MR     .....                    (no amulet)
Stlth  ++........               (no ring)
                                (no ring)

@: agile
A: mutation resistance 1
a: no special abilities


You were on level 3 of the Lair of Beasts.
You were hungry.

You visited 3 branches of the dungeon, and saw 16 of its levels.
You also visited: Ossuary.

You collected 752 gold pieces.
You spent 285 gold pieces at shops.

Inventory:

Hand Weapons
 i - a +0 blowgun
 K - a +2 vampiric rapier (weapon)
Missiles
 h - 61 poisoned needles
Armour
 c - a +1 helmet (worn)
 y - a +0 scale mail (worn)
 G - a +0 cloak (worn)
 M - a +0 pair of gloves of strength (worn)
Wands
 a - a wand of digging (7/24)
 q - a wand of polymorph (12/24)
 t - a wand of paralysis (4/24)
 C - a wand of digging (24/24)
 H - a wand of disintegration (17/24)
 I - a wand of lightning (3/15)
Scrolls
 d - a scroll of enchant weapon
 e - 4 scrolls of identify
 g - 10 scrolls of remove curse
 l - 2 scrolls of amnesia
 n - 2 scrolls of enchant armour
 o - 5 scrolls of fog
 z - 2 scrolls of fear
 E - 3 scrolls of teleportation
 F - 2 scrolls of recharging
 N - 4 scrolls of magic mapping
Potions
 b - a potion of agility
 f - 2 potions of brilliance
 j - 2 potions of cure mutation
 m - 4 potions of haste
 p - 4 potions of lignification
 r - 9 potions of curing
 s - 2 potions of resistance {unknown}
 v - a potion of heal wounds {unknown}
 w - 2 potions of flight {unknown}
 A - a potion of magic
 D - 3 potions of ambrosia
Books
 x - a book of Clouds

   Spells                             Type                      Level
   a - Mephitic Cloud                 Conjuration/Poison/Air       3
   b - Conjure Flame                  Conjuration/Fire             3
   c - Poisonous Cloud                Conjuration/Poison/Air       6
   d - Freezing Cloud                 Conjuration/Ice/Air          6
   e - Ring of Flames                 Charms/Fire                  7
Comestibles
 u - 8 bread rations
 B - 2 meat rations


   Skills:
 * Level 10.4 Fighting
 - Level 10.1 Short Blades
 - Level 2.1 Throwing
 - Level 9.5 Armour
 - Level 9.6 Dodging
 - Level 0.8 Stealth
 + Level 1.1 Spellcasting


You had 12 spell levels left.
You didn't know any spells.

Dungeon Overview and Level Annotations

Branches:
Dungeon (12/15)            Temple (1/1) D:4            Lair (3/6) D:8
  Swamp: Lair:2-4    Shoals: Lair:2-4     Snake: Lair:2-4    Spider: Lair:2-4
    Orc: D:9-12

Altars:
Ashenzari
Cheibriados
Dithmenos
Elyvilon
Fedhas
Hepliaklqana
Kikubaaqudgha
Makhleb
Nemelex Xobeh
Pakellas
Qazlal
Ru
Sif Muna
Trog
Uskayaw
Xom
Yredelemnul
Zin
The Shining One

Shops:
D:6 }   D:8 :(

Annotations:
D:3 Pikel
D:9 Psyche


Innate Abilities, Weirdness & Mutations

You are small and have problems with some larger weapons.
You are somewhat resistant to further mutation.


Message History

* * * LOW HITPOINT WARNING * * *
You puncture the komodo dragon!
You feel better.
The komodo dragon is heavily wounded.
The porcupine bites you but does no damage.
The porcupine completely misses you.
You feel agile all of a sudden. The komodo dragon bites you!
* * * LOW HITPOINT WARNING * * *
You hit the komodo dragon but do no damage.
The komodo dragon is heavily wounded.
The komodo dragon completely misses you.
You closely miss the komodo dragon.
The komodo dragon is heavily wounded.
The komodo dragon closely misses you.
You barely miss the komodo dragon.
The komodo dragon is heavily wounded.
You hit the komodo dragon.
The komodo dragon is heavily wounded.
The komodo dragon bites you!
You die...

........<.. .#........
......... ##........
#P........ ##........
#..##############........
##..#.#..#P##.##.......>..
#.......PP.P..@lr.........
#.........P...####.#.#####
#.....(.....## #####
#............#
#............#
#...........##
##............#
#.....<.......#
#.#......(.....#


You could see a komodo dragon and a porcupine.

Vanquished Creatures
  2 hill giants (D:10)
  A komodo dragon (Lair:2)
  A troll (D:9)
  Prince Ribbit (D:5)
  A wyvern (D:10)
  Sigmund (D:2)
  A spriggan (D:7)
  A wraith (D:10)
  Eustachio (D:5)
  2 hippogriffs
  2 hungry ghosts
  A basilisk (Lair:1)
  A mottled dragon (D:11)
  2 water moccasins
  Duvessa (D:4)
  4 slaves
  3 ice beasts
  2 orc warriors
  4 black bears (D:7)
  2 phantoms
  2 sky beasts
  A wasp (D:10)
  11 ogres
  3 centaurs
  2 crocodiles
  4 big kobolds
  7 giant frogs
  Dowan (D:4)
  4 scorpions
  7 wights (D:8)
  A howler monkey (D:12)
  4 crimson imps
  3 centaur zombies
  5 hounds
  A human zombie (Ossuary)
  2 jellies
  7 orc priests
  9 orc wizards
  Jessica (D:3)
  Natasha (thrice) (D:2)
  3 centaur skeletons
  2 giant frog skeletons (D:10)
  Ijyb (D:2)
  5 iguanas
  10 worker ants
  8 sheep (Lair:2)
  2 big kobold zombies (Ossuary)
  A hound zombie (Ossuary)
  A hound skeleton (D:9)
  4 mummies (Ossuary)
  A howler monkey zombie (D:7)
  A worker ant zombie (D:9)
  2 howler monkey skeletons
  7 adders
  14 river rats
  A shadow imp (D:5)
  2 oozes (D:3)
  An adder skeleton (D:6)
  2 worms
  4 dart slugs (D:2)
  5 giant geckos
  35 orcs
  4 giant cockroaches
  4 goblins
  7 hobgoblins
  11 jackals
  A quokka (D:2)
  A ball python skeleton (D:5)
  A ball python zombie (D:5)
  6 bats
  A giant cockroach zombie (D:5)
  3 giant newts
  2 gnoll zombies (Ossuary)
  2 goblin zombies (Ossuary)
  2 hobgoblin zombies (Ossuary)
  A jackal skeleton (D:4)
  A jackal zombie (D:5)
  28 kobolds
  An orc zombie (Ossuary)
  8 rats
  A rat zombie (Ossuary)
309 creatures vanquished.

Vanquished Creatures (others)
  A bat (D:2)
  A plant (D:8)
2 creatures vanquished.

Grand Total: 311 creatures vanquished

Notes
Turn   | Place    | Note
-------+----------+-------------------------------------------
     0 | D:1      | junb69 the Halfling Gladiator began the quest for the Orb.
     0 | D:1      | Reached XP level 1. HP: 14/14 MP: 1/1
    76 | D:1      | Reached XP level 2. HP: 13/19 MP: 2/2
   812 | D:2      | Noticed Natasha
   818 | D:2      | Killed Natasha
   818 | D:2      | Reached skill level 5 in Short Blades
   818 | D:2      | Reached XP level 3. HP: 9/25 MP: 3/3
  1016 | D:2      | Noticed Sigmund
  1132 | D:2      | Noticed Natasha
  1143 | D:2      | Killed Natasha
  1143 | D:2      | Reached skill level 1 in Armour
  1143 | D:2      | Reached XP level 4. HP: 17/30 MP: 4/4
  1367 | D:2      | Noticed Ijyb
  1384 | D:2      | Killed Ijyb
  1384 | D:2      | Reached XP level 5. HP: 26/35 MP: 5/5
  1433 | D:2      | Noticed Natasha
  1449 | D:2      | Killed Natasha
  1660 | D:2      | Killed Sigmund
  1660 | D:2      | Reached XP level 6. HP: 35/42 MP: 6/6
  1983 | D:2      | Found a sparkling altar of Nemelex Xobeh.
  2332 | D:3      | Found a hide-covered altar of Uskayaw.
  2341 | D:3      | Found a basalt altar of Yredelemnul.
  2784 | D:3      | Noticed Jessica
  2792 | D:3      | Killed Jessica
  2792 | D:3      | Reached XP level 7. HP: 47/47 MP: 7/7
  3000 | D:4      | Found a sand-covered staircase.
  3011 | Ossuary  | Entered an ossuary
  3925 | D:4      | Found a staircase to the Ecumenical Temple.
  3935 | Temple   | Entered the Ecumenical Temple
  4214 | D:4      | Noticed Duvessa
  4254 | D:4      | Killed Duvessa
  4254 | D:4      | Reached skill level 5 in Fighting
  4254 | D:4      | Reached XP level 8. HP: 44/55 MP: 8/8
  4605 | D:4      | Noticed Dowan
  4840 | D:4      | Killed Dowan
  5090 | D:5      | Entered Level 5 of the Dungeon
  5333 | D:5      | Noticed Pikel
  5844 | D:5      | Noticed Eustachio
  5847 | D:5      | Noticed Prince Ribbit
  6125 | D:5      | Killed Prince Ribbit
  6125 | D:5      | Reached XP level 9. HP: 64/64 MP: 9/9
  6534 | D:5      | Killed Eustachio
  6534 | D:5      | Reached skill level 10 in Short Blades
  8376 | D:6      | Found Fips's Gadget Emporium.
  8975 | D:7      | Found a bloodstained altar of Trog.
  8988 | D:7      | Reached XP level 10. HP: 65/76 MP: 10/10
  9024 | D:7      | Reached skill level 10 in Fighting
  9289 | D:7      | You fall through a shaft for 3 floors!
  9289 | D:10     | Entered Level 10 of the Dungeon
  9915 | D:9      | Reached skill level 5 in Dodging
  9988 | D:8      | Reached skill level 5 in Armour
 10660 | D:8      | Found Ugeg Zoh's Weapon Boutique.
 10879 | D:8      | Found a staircase to the Lair.
 10898 | D:8      | Found Exzeodof's Book Boutique.
 10993 | D:8      | Found a white marble altar of Elyvilon.
 11378 | D:8      | Bought a +1 vampiric rapier for 285 gold pieces
 11503 | D:9      | Reached XP level 11. HP: 54/81 MP: 11/11
 11698 | D:9      | Noticed Psyche
 12272 | D:10     | Noticed a hill giant
 12307 | D:10     | Killed a hill giant
 12571 | D:10     | You fall through a shaft for 2 floors!
 12596 | D:12     | Noticed an eight-headed hydra
 12596 | D:12     | Noticed a cyclops
 13141 | D:11     | Found a glowing golden altar of the Shining One.
 13554 | D:10     | Noticed a hill giant
 13576 | D:10     | Killed a hill giant
 14029 | Lair:1   | Entered Level 1 of the Lair of Beasts
 14953 | Lair:2   | Got a pair of slimy gloves
 14964 | Lair:2   | Identified the +0 pair of gloves "Yxkod" {+Blink Regen+ Dex-5} (You found it on level 2 of the Lair of Beasts)
 15229 | Lair:2   | Reached skill level 1 in Spellcasting
 15789 | Lair:3   | Slain by a komodo dragon

Vault maps used:
D:1:      nicolae_arrival_memento_mori
D:2:      nemelex_xobeh_ov_fountains_minmay, uniq_sigmund, uniq_iyjb,
          uniq_natasha
D:3:      nicolae_overflow_hidden_temple, first_bread, uniq_jessica
D:4:      enter_ossuary_1, lightli_corner_chamber, uniq_duvessa
D:5:      kennysheep_big_flooded_room, uniq_eustachio, uniq_prince_ribbit1,
          uniq_pikel
D:6:      serial_shops, nicolae_shop_trees
D:7:      black_bear_nest_2, trog_ov_bears_minmay, the_bakery
D:8:      lair_0_dummy, serial_shops, kennysheep_little_box, kennysheep_mini,
          elyvilon_altar_1
D:9:      uniq_psyche
D:11:     basic_altar, uniq_gastronok
D:12:     minmay_two_paths, erik_orc_1
Temple:   regret_index_temple_sphere_string
Lair:1:   grunt_forest_small_clearing_treed
Lair:2:   grunt_forest_stairs_basic
Ossuary:  ossuary_minmay_tomb_2a

Skill      XL: |  1  2  3  4  5  6  7  8  9 10 11 |
---------------+----------------------------------+-----
Fighting       | 2 3 5 7 9 10 | 10.4
Short Blades   | 5 7 8 9 10 | 10.1
Armour         | 1 2 7 9 |  9.5
Dodging        | 7 9 |  9.6
Spellcasting   | 1 |  1.1
Throwing       | |  2.1
Stealth        | |  0.8

Action                   |  1- 3 |  4- 6 |  7- 9 | 10-12 || total
-------------------------+-------+-------+-------+-------++-------
Melee: Rapier            |    57 |   190 |   783 |   898 ||  1928
Throw: Throwing net      |     3 |     1 |     2 |       ||     6
Evoke: Wand              |       |       |     4 |     2 ||     6
  Use: Scroll            |       |     1 |    22 |     7 ||    30
       Potion            |       |       |     5 |     5 ||    10
 Stab: Held in net/web   |     2 |       |       |       ||     2
  Eat: Chunk             |       |     6 |     9 |    15 ||    30
       Fruit             |       |       |     3 |     4 ||     7
       Bread ration      |       |       |     2 |     2 ||     4
       Royal jelly       |       |       |       |     2 ||     2
Armor: Leather armour    |     9 |       |       |       ||     9
       Ring mail         |    10 |    61 |   201 |    51 ||   323
       Skin              |       |       |   184 |    16 ||   200
       Scale mail        |       |       |       |   146 ||   146
Dodge: Dodged            |    59 |   142 |   599 |   665 ||  1465
